AoeStats
← [NICE_ASS] BigMasi

Arabia

504479296Analyzed
4v4 RM · 27d ago on Sep 5, 2026· 73m 29s· 8 players
Game mode
Random Map
Map size
Large (8 player)
Population
200
Speed
Normal
Resources
Standard
Victory
Conquest
Starting age
Dark Age
Ending age
Imperial Age
RankedLock teamsTeams togetherTeam positionsShared explorationLock speedFull tech treeHidden civsTurbo modeCheats
Victory
Defeat
🇹🇼 Jurchens · Taiwan
1401
+8
🇹🇼 Ethiopians · Taiwan
1391
+8
🇹🇼 Magyars · Taiwan
1200
+14
🇹🇼 Tupi · Taiwan
1096
+19
🇨🇳 Khmer · China
1218
-13
🇨🇳 Persians · China
1190
-12
🇨🇳 Ethiopians · China
1188
-12
🇨🇭 Koreans · Switzerland
1186
-12
青柑普洱
6:36 Loom
9:23 Feudal Age
9:58 Double-Bit Axe
16:37 Forging
18:44 Scale Barding Armor
23:08 Castle Age
21:47 Bloodlines
24:17 Chain Barding Armor
24:15 Husbandry
25:23 Iron Casting
27:41 Gold Mining
28:12 Horse Collar
44:41 Wheelbarrow
43:52 Town Watch
44:21 Bow Saw
44:17 Heavy Plow
47:42 Imperial Age
47:48 Hand Cart
48:03 Cavalier
49:19 Plate Barding Armor
54:09 Tusk Swords
54:30 Conscription
54:36 Elite Battle Elephant
59:54 Fletching
61:00 Bodkin Arrow
61:12 Bodkin Arrow
67:27 Blast Furnace
[NICE_ASS] BigMasi
7:07 Loom
10:31 Feudal Age
11:11 Double-Bit Axe
18:49 Fletching
19:36 Horse Collar
25:43 Castle Age
26:28 Bodkin Arrow
26:22 Crossbowman
27:52 Bow Saw
30:59 Wheelbarrow
29:49 Pikeman
29:55 Pikeman
32:12 Thumb Ring
33:20 Ballistics
37:48 Hand Cart
38:24 Gold Mining
41:05 Imperial Age
40:53 Squires
40:39 Arson
40:56 Scale Mail Armor
41:06 Forging
42:56 Chain Mail Armor
43:16 Iron Casting
43:19 Bracer
42:59 Arbalester
44:29 Conscription
44:29 Conscription
46:58 Chain Mail Armor
49:58 Chemistry
51:36 Siege Engineers
51:42 Masonry
52:14 Elite Fire Lancer
52:39 Gambesons
52:45 Gambesons
53:31 Plate Mail Armor
53:37 Iron Casting
57:54 Man-at-Arms
58:59 Long Swordsman
61:49 Eupseong
65:11 Murder Holes
65:30 Fortified Wall
65:01 Treadmill Crane
65:52 Architecture
69:37 Capped Ram
70:56 Town Watch
71:22 Caravan
jinzhi
5:48 Loom
8:55 Feudal Age
21:01 Castle Age
19:04 Horse Collar
22:12 Husbandry
22:23 Bloodlines
22:21 Scale Barding Armor
22:26 Forging
25:55 Chain Barding Armor
26:10 Iron Casting
26:34 Double-Bit Axe
32:55 Wheelbarrow
32:06 Town Watch
33:47 Gold Mining
41:11 Imperial Age
41:51 Guilds
41:55 Cavalier
43:12 Plate Barding Armor
43:37 Blast Furnace
48:58 Savar
50:16 Heavy Plow
50:30 Bow Saw
53:46 Hand Cart
53:31 Town Patrol
63:06 Light Cavalry
63:59 Murder Holes
64:17 Masonry
64:22 Herbal Medicine
66:19 Hussar
69:12 Conscription
50块好兄弟
6:19 Loom
8:38 Feudal Age
14:20 Wheelbarrow
17:25 Double-Bit Axe
17:42 Town Watch
20:38 Fletching
22:22 Padded Archer Armor
24:26 Castle Age
23:40 Gold Mining
24:32 Crossbowman
25:10 Bodkin Arrow
29:05 Squires
29:09 Horse Collar
30:14 Leather Archer Armor
35:10 Gold Shaft Mining
36:05 Stone Mining
38:42 Bow Saw
39:04 Thumb Ring
40:06 Hand Cart
41:08 Stone Shaft Mining
41:30 Heavy Plow
44:29 Scale Mail Armor
53:56 Imperial Age
55:39 Chemistry
56:05 Conscription
58:01 Bracer
pilipuma
8:28 Loom
10:35 Feudal Age
10:45 Champi Runner
11:17 Double-Bit Axe
15:07 Horse Collar
22:16 Forging
24:27 Wheelbarrow
27:46 Castle Age
28:01 Pikeman
30:03 Bow Saw
35:18 Iron Casting
34:44 Scale Mail Armor
37:53 Heavy Plow
38:23 Hand Cart
42:27 Imperial Age
40:41 Fletching
40:45 Gold Mining
41:25 Champi Warrior
42:20 Caciques
42:55 Bodkin Arrow
44:44 Two-Man Saw
48:48 Town Watch
53:28 Elite Champi Warrior
54:15 Squires
56:15 Chain Mail Armor
56:35 Arson
72:20 Town Patrol
ziachris
10:15 Feudal Age
8:31 Loom
10:50 Double-Bit Axe
13:39 Horse Collar
14:37 Scale Barding Armor
19:29 Wheelbarrow
19:26 Gold Mining
24:45 Castle Age
23:47 Bloodlines
24:58 Scale Mail Armor
25:12 Light Cavalry
26:29 Bow Saw
26:35 Stone Mining
26:49 Heavy Plow
29:48 Pikeman
32:33 Chain Barding Armor
34:54 Town Watch
35:56 Husbandry
39:56 Gold Shaft Mining
40:00 Hand Cart
47:02 Imperial Age
47:33 Hussar
47:33 Cavalier
48:50 Plate Barding Armor
48:05 Fletching
48:16 Padded Archer Armor
49:20 Two-Man Saw
48:51 Crop Rotation
49:31 Conscription
49:16 Corvinian Army
49:26 Halberdier
53:48 Coinage
55:19 Capped Ram
63:39 Town Patrol
64:07 Masonry
64:58 Chemistry
Connor
7:20 Loom
9:22 Feudal Age
10:35 Double-Bit Axe
16:42 Fletching
24:32 Padded Archer Armor
25:53 Wheelbarrow
28:56 Castle Age
27:40 Scale Mail Armor
29:38 Bodkin Arrow
29:22 Crossbowman
30:17 Bow Saw
36:34 Ballistics
43:36 Town Watch
44:08 Horse Collar
44:52 Heavy Plow
49:03 Imperial Age
47:46 Hand Cart
48:04 Masonry
49:25 Leather Archer Armor
49:22 Thumb Ring
49:42 Arbalester
51:23 Conscription
51:29 Bracer
52:30 Leather Archer Armor
53:44 Ring Archer Armor
53:34 Chain Mail Armor
58:53 Plate Mail Armor
58:33 Forging
58:55 Squires
59:14 Guilds
59:06 Halberdier
61:14 Two-Man Saw
61:58 Iron Casting
62:20 Arson
65:33 Blast Furnace
65:24 Elite Skirmisher
69:18 Coinage
70:27 Town Patrol
0xNick
9:23 Feudal Age
7:39 Loom
10:20 Horse Collar
10:25 Double-Bit Axe
10:31 Double-Bit Axe
10:48 Horse Collar
15:35 Scale Barding Armor
18:39 Wheelbarrow
20:00 Bloodlines
20:51 Forging
24:20 Castle Age
23:13 Gold Mining
25:23 Chain Barding Armor
24:23 Light Cavalry
25:05 Husbandry
25:23 Bow Saw
26:35 Iron Casting
40:07 Pikeman
40:48 Squires
40:52 Scale Mail Armor
40:53 Squires
41:39 Hand Cart
44:42 Imperial Age
43:10 Chain Mail Armor
44:46 Capped Ram
44:49 Elite Fire Lancer
47:16 Elite Steppe Lancer
48:38 Plate Barding Armor
49:31 Blast Furnace
49:41 Town Watch
50:57 Two-Man Saw
49:58 Heavy Plow
49:38 Hussar
51:30 Crop Rotation
55:14 Conscription
57:36 Pikeman
60:25 Coinage
59:37 Halberdier
61:04 Fletching
60:57 Treadmill Crane
63:15 Banking
Connection lost

Rejoining the realm…

Still unreachable

The connection could not be restored.

Session expired

The server has moved on; the page needs a fresh start.